[Event "TUR-ch Veterans 2020"]
[Site "Antalya-Belek"]
[Date "2020.01.22"]
[Round "5"]
[White "Bagci, Hikmet"]
[Black "Akinci, Ahmet"]
[Result "0-1"]
[ECO "C61"]
[WhiteElo "1603"]
[BlackElo "1355"]
[Annotator "NA"]
[PlyCount "126"]
[EventDate "2020.01.19"]
[EventCountry "TUR"]
[SourceTitle "playchess.com"]
[Source "ChessBase"]
[SourceQuality "1"]
[TimeControl "5400+30"]

1. e4 e5 2. Nf3 Nc6 3. Bb5 Nd4 4. Nxd4 exd4 5. O-O a6 6. Bc4 b5 7. Bb3 Bb7 8. d3 d5 9. Qf3 Qf6 10. Qxf6 Nxf6 11. e5 Nd7 12. Bf4 Nc5 13. Nd2 a5 14. a3 Be7 15. h3 h5 16. Nf3 Ne6 17. Bd2 g5 18. c3 c5 19. Nh2 dxc3 20. bxc3 c4 21. Bc2 Rg8 22. d4 g4 23. hxg4 hxg4 24. Bf5 g3 25. fxg3 Rxg3 26. Rf3 Rxf3 27. Nxf3 b4 28. axb4 a4 29. Bxe6 fxe6 30. Bc1 Bc6 31. Kf2 Kf7 32. Ba3 Kg6 33. Rh1 Be8 34. g4 Kg7 35. Ra1 Bg6 36. Bc1 Be4 37. Kg3 Rf8 38. Nd2 Bc2 39. Nf3 Bd1 40. Ng1 Bb3 41. Nf3 Kg6 42. Bf4 Bc2 43. g5 Bb3 44. Nh4+ Kh5 45. Nf3 Kg6 46. Nh4+ Kg7 47. Ng2 Ra8 48. Bc1 Kg6 49. Nh4+ Kh5 50. Nf3 Rg8 51. Bf4 Ra8 52. Rh1+ Kg6 53. Rh6+ Kf5 54. Nh4+ Ke4 55. Rxe6 a3 56. Bc1 Bxg5 57. Bxa3 Bxh4+ 58. Kxh4 Rxa3 59. Rf6 Ba4 60. Ra6 Ra2 61. e6 Kf4 62. Kh3 Kf3 63. e7 Bd7+ 0-1

[Event "TUR-ch Veterans 2020"]
[Site "Antalya-Belek"]
[Date "2020.01.22"]
[Round "5"]
[White "Bapoglu, Ibrahim"]
[Black "Muratoglu, Salih"]
[Result "1/2-1/2"]
[ECO "A04"]
[WhiteElo "1576"]
[BlackElo "1967"]
[Annotator "NA"]
[PlyCount "95"]
[EventDate "2020.01.19"]
[EventCountry "TUR"]
[SourceTitle "playchess.com"]
[Source "ChessBase"]
[SourceQuality "1"]
[TimeControl "5400+30"]

1. b3 Nf6 2. Bb2 c5 3. e3 Nc6 4. Nf3 d6 5. Be2 (5. d4 e6 6. dxc5 Qa5+ 7. Qd2 Qxc5 8. Nc3 Be7 9. O-O-O O-O 10. Bd3 Nb4 11. Be2 Bd7 12. a3 Nbd5 13. Nxd5 Nxd5 {0-1 (47) Nabaty,T (2678)-Sukandar,I (2396) Biel 2019}) 5... e5 6. d3 {[%emt 0:00:30] A04: Unusual lines after 1 Nf3 and King's Indian Attack} Be7 7. Nbd2 O-O 8. O-O Qc7 9. c4 a5 $146 ({Predecessor:} 9... Re8 10. Rc1 Bf8 11. Qc2 {½-½ (41) Romero,S (1930)-Luchan,J (2038) Mineola 2006}) 10. h3 Bf5 11. e4 Bd7 12. Nh2 a4 13. f4 a3 14. Bc3 exf4 15. Bg4 Bxg4 (15... Ne5 ) ({Better is} 15... Nxg4 $17 16. Nxg4 Ne5 17. Rxf4 Bg5) 16. Nxg4 Ne5 17. Nxf6+ Bxf6 18. Rxf4 Ng6 $2 (18... Nf3+ $11 19. Rxf3 Bxc3) 19. Rxf6 gxf6 20. Bxf6 Ra6 21. Qf3 d5 (21... Re8 {might work better.} 22. Rf1 Re6) 22. exd5 ({Less strong is} 22. cxd5 Qf4 $11) 22... Qf4 {[%emt 0:01:30] [#]} 23. Qxf4 $1 Nxf4 24. Be7 $2 (24. Ne4 $18) 24... Rg6 (24... Re8 $14 25. d6 (25. Bxc5 Rg6 $11) 25... Rxe7 26. dxe7 Re6) 25. Bxf8 Rxg2+ 26. Kh1 Kxf8 27. Ne4 Rg6 (27... Rc2 $11 {keeps the balance.}) 28. Nxc5 b6 29. Rf1 Nxh3 $2 (29... Nxd5 $16 30. Nd7+ (30. cxd5 bxc5 31. Kh2 Rg5 $11) 30... Ke8) 30. Nd7+ Ke8 31. Ne5 $18 Rh6 32. Kg2 Ng5 33. Ng4 Rh4 34. Kg3 Rh3+ 35. Kf4 h6 36. Nxh6 Rxh6 37. Kxg5 Rh2 38. Rf6 Rxa2 39. Rxb6 Rb2 40. Ra6 Rxb3 41. d4 Rd3 42. Kf6 Rxd4 43. Rxa3 Rf4+ 44. Ke5 Rxc4 45. Ra8+ Kd7 46. Ra7+ Rc7 47. Ra6 Rc1 48. Ra7+ 1/2-1/2

[Event "TUR-ch Veterans 2020"]
[Site "Antalya-Belek"]
[Date "2020.01.22"]
[Round "5"]
[White "Hatipoglu, Metin"]
[Black "Guner, Bulent"]
[Result "0-1"]
[ECO "C50"]
[WhiteElo "1570"]
[BlackElo "1964"]
[Annotator "NA"]
[PlyCount "108"]
[EventDate "2020.01.19"]
[EventCountry "TUR"]
[SourceTitle "playchess.com"]
[Source "ChessBase"]
[SourceQuality "1"]
[TimeControl "5400+30"]

1. e4 e5 2. Nf3 Nc6 3. Bc4 Nf6 4. O-O Bc5 5. c3 d6 (5... Nxe4 $15 6. Bd5 Nf6 7. Bxc6 dxc6) 6. d4 Bb6 7. dxe5 Nxe5 8. Nxe5 dxe5 9. Qb3 O-O 10. Bg5 h6 11. Bh4 {[%emt 0:01:30] [#]} ({Better is} 11. Bxf6 $1 $15 Qxf6 12. Qc2) 11... Qe7 ({Better is} 11... g5 $1 $17 12. Bg3 Nxe4) 12. Nd2 g5 13. Bg3 Bg4 14. Rfe1 Nh5 15. Nf1 $11 Nxg3 16. hxg3 c6 17. Ne3 Bxe3 18. Rxe3 Rad8 19. Be2 Be6 20. Qc2 Rd7 21. Rd3 Rxd3 22. Qxd3 Rd8 23. Qc2 a5 24. a4 Kg7 25. Rd1 Rd6 26. Rxd6 Qxd6 27. Qd1 Qc5 28. Qd8 Bb3 29. Bd1 Be6 30. Be2 Ba2 31. Qd3 Bb3 32. Bd1 Qc4 33. Qxc4 Bxc4 34. f3 Kf8 35. Kf2 Ke7 36. b3 Be6 37. g4 Kd6 38. Ke3 Kc5 39. Kd3 b5 40. axb5 cxb5 41. Kc2 Bd7 42. Be2 f6 43. Kb2 b4 44. Kc2 Be8 45. Kd3 Bb5+ 46. c4 Be8 47. Bd1 h5 48. gxh5 Bxh5 49. g4 Bf7 50. Bc2 a4 51. bxa4 Bxc4+ 52. Kd2 b3 53. Bd1 b2 54. Bc2 Ba2 0-1

[Event "TUR-ch Veterans 2020"]
[Site "Antalya-Belek"]
[Date "2020.01.23"]
[Round "6"]
[White "Buker, Muhittin"]
[Black "Hatipoglu, Metin"]
[Result "1-0"]
[ECO "D05"]
[WhiteElo "2008"]
[BlackElo "1570"]
[Annotator "NA"]
[PlyCount "67"]
[EventDate "2020.01.19"]
[EventCountry "TUR"]
[SourceTitle "playchess.com"]
[Source "ChessBase"]
[SourceQuality "1"]
[TimeControl "5400+30"]

1. d4 d5 2. Nf3 Nf6 3. e3 e6 4. Bd3 c5 5. b3 Nc6 6. O-O Be7 7. Bb2 O-O 8. a3 b6 9. Ne5 Bb7 10. Nd2 Nxe5 11. dxe5 {[%emt 0:01:30] D05: Colle System with ...e6} Ne4 12. Bxe4 (12. Nxe4 dxe4 13. Bc4 Qc8 14. Qe2 a6 15. a4 Bc6 16. Rfd1 Qb7 17. Qf1 h6 18. h3 Rfd8 {½-½ (76) Saptarshi,R (2389)-Quesada Perez,Y (2626) Barcelona 2012}) 12... dxe4 13. Qe2 f5 14. exf6 Bxf6 15. Bxf6 Qxf6 16. Rad1 $146 ({Predecessor:} 16. Qg4 Qf5 17. Qxf5 exf5 18. Rfd1 Rad8 {0-1 (54) Nedimovic,L (2217)-Bratovic,B (2350) Ljubljana 2005}) 16... Rad8 17. h3 Rf7 18. Nc4 Rxd1 19. Rxd1 Ba6 20. Rd2 g6 21. Qg4 Bxc4 22. bxc4 Qe5 23. Kf1 Kg7 24. Ke2 h5 25. Qg3 Qc3 26. Qd6 Qxc4+ 27. Ke1 Kh7 28. Qe5 Rg7 29. g4 b5 $18 (29... Qa4 30. gxh5 Qe8 31. Qxe4 Qe7 32. hxg6+ Rxg6) 30. Rd8 Qxc2 31. Kf1 Qc4+ 32. Kg1 hxg4 33. hxg4 Qe2 34. Qh2# 1-0

[Event "TUR-ch Veterans 2020"]
[Site "Antalya-Belek"]
[Date "2020.01.23"]
[Round "6"]
[White "Guner, Bulent"]
[Black "Yilmaz, Turhan"]
[Result "1/2-1/2"]
[ECO "E65"]
[WhiteElo "1964"]
[BlackElo "2132"]
[Annotator "ChessBase"]
[PlyCount "70"]
[EventDate "2020.01.19"]
[EventCountry "TUR"]
[SourceTitle "playchess.com"]
[Source "ChessBase"]
[SourceQuality "1"]
[TimeControl "5400+30"]

1. d4 Nf6 2. Nf3 g6 3. g3 Bg7 4. Bg2 O-O 5. O-O d6 6. c4 c5 7. dxc5 dxc5 8. Nc3 Nc6 9. Be3 Qa5 10. Qa4 Nd7 11. Qxa5 Nxa5 12. Nd2 Rb8 13. Rac1 b6 14. b3 Bb7 15. Nf3 Ne5 16. Nxe5 Bxg2 17. Kxg2 Bxe5 18. Bf4 Bxf4 19. gxf4 Rfd8 20. Rfd1 Nc6 21. e3 Rxd1 22. Rxd1 Rd8 23. Rxd8+ Nxd8 24. Kf3 Nc6 25. Ke4 e6 26. Kf3 Kf8 27. Ne4 Ke7 28. Ke2 f5 29. Nc3 Kf6 30. Kf3 h6 31. h4 Ke7 32. Ke2 Kf6 33. Kf3 Ke7 34. Ke2 Kf6 35. Kf3 Ke7 1/2-1/2

[Event "TUR-ch Veterans 2020"]
[Site "Antalya-Belek"]
[Date "2020.01.23"]
[Round "6"]
[White "Cicek, Cemil"]
[Black "Bapoglu, Ibrahim"]
[Result "1-0"]
[ECO "D04"]
[WhiteElo "1940"]
[BlackElo "1576"]
[Annotator "NA"]
[PlyCount "81"]
[EventDate "2020.01.19"]
[EventCountry "TUR"]
[SourceTitle "playchess.com"]
[Source "ChessBase"]
[SourceQuality "1"]
[TimeControl "5400+30"]

1. d4 Nf6 2. Nf3 g6 3. Nbd2 d5 4. b3 Bg7 5. Bb2 O-O 6. e3 Re8 {[%emt 0:01:30] D04: Colle System} (6... b6 7. Bd3 Bb7 8. O-O Nbd7 9. c4 e6 10. Rc1 dxc4 11. Nxc4 Qe7 12. Ba3 c5 13. Qe2 Rac8 14. Nfe5 Nxe5 15. dxe5 {½-½ (45) Nakamura,H (2786)-Caruana,F (2802) chess.com INT 2017}) 7. Ne5 $146 ({Predecessor:} 7. h3 Nc6 8. c4 e6 9. Bd3 dxc4 10. bxc4 b6 11. a3 Bb7 12. Qc2 Ne7 13. O-O Rc8 14. e4 {0-1 (32) Malek,O (1800)-Alves,A (1841) Pocos de Caldas 2019}) 7... Nbd7 8. Be2 Nxe5 9. dxe5 Nd7 10. f4 e6 11. Nf3 c5 12. h4 b5 13. Bxb5 Qa5+ 14. Kf2 Qxb5 15. a4 Qc6 16. g4 Bb7 17. h5 Nf8 18. Rh3 Rad8 19. Qd2 Rd7 20. h6 Bh8 21. g5 Red8 22. c3 a5 23. Rc1 Qb6 24. Qc2 Ba6 25. Ba3 Rb8 26. Rb1 Rdb7 27. b4 cxb4 28. cxb4 axb4 29. Rxb4 Qd8 30. Rxb7 Rxb7 31. Nd4 Bc4 32. Rh1 Nd7 $2 (32... Rc7 $11 {and Black is okay.}) 33. Nc6 Qa8 34. Ne7+ Kf8 35. Nxg6+ Ke8 36. Nxh8 Qa5 {[%emt 0:08:30] [#]} 37. Nxf7 $1 Rb3 38. Nd6+ Kd8 39. Bc1 Qxa4 40. g6 Nc5 41. gxh7 1-0

[Event "TUR-ch Veterans 2020"]
[Site "Antalya-Belek"]
[Date "2020.01.23"]
[Round "6"]
[White "Uzuner, Tufan Can"]
[Black "Tasan, Mehmet Askin"]
[Result "1/2-1/2"]
[ECO "E18"]
[WhiteElo "1939"]
[BlackElo "1877"]
[Annotator "NA"]
[PlyCount "46"]
[EventDate "2020.01.19"]
[EventCountry "TUR"]
[SourceTitle "playchess.com"]
[Source "ChessBase"]
[SourceQuality "1"]
[TimeControl "5400+30"]

1. d4 Nf6 2. Nf3 e6 3. g3 d5 4. Bg2 Be7 5. c4 O-O 6. O-O b6 7. Nc3 Bb7 8. Ne5 c5 9. cxd5 exd5 10. Bg5 Ne4 11. Bxe7 Qxe7 12. e3 Na6 13. Qa4 f6 $146 {[%emt 0:07:30] E18: Queen's Indian: Old Main Line (4 g3 Bb7 5 Bg2 Be7 6 0-0 0-0 7 Nc3)} ({Predecessor:} 13... Nc7 14. Rad1 Rfd8 15. Nd3 Nxc3 16. bxc3 c4 17. Nf4 b5 18. Qc2 a5 19. Rfe1 Re8 20. f3 b4 21. e4 {0-1 (29) Moskovich,D (2164)-Gorodetzky,D (2371) Jerusalem 2015}) 14. Nd3 Nxc3 $1 15. bxc3 c4 16. Nf4 Nc7 17. Qc2 b5 18. a4 a6 19. Rfb1 Bc6 20. Qf5 Qd6 21. h4 g6 $11 22. Qg4 Bd7 23. Qf3 Bc6 1/2-1/2

[Event "TUR-ch Veterans 2020"]
[Site "Antalya-Belek"]
[Date "2020.01.23"]
[Round "6"]
[White "Yasin, Hur"]
[Black "Cetinkaya, Vedat Ali"]
[Result "1-0"]
[ECO "B12"]
[WhiteElo "1936"]
[BlackElo "2026"]
[Annotator "NA"]
[PlyCount "103"]
[EventDate "2020.01.19"]
[EventCountry "TUR"]
[SourceTitle "playchess.com"]
[Source "ChessBase"]
[SourceQuality "1"]
[TimeControl "5400+30"]

1. e4 c6 2. Ne2 d5 3. e5 Bf5 4. Ng3 Bg6 5. h4 h6 6. d4 e6 7. h5 Bh7 8. Bd3 Bxd3 9. Qxd3 c5 10. c3 {[%emt 0:12:30] B12: Caro-Kann: Advance Variation} Qb6 (10... Nc6 11. O-O cxd4 12. cxd4 Qb6 13. Rd1 Rc8 14. Nc3 Bb4 15. Nce2 Na5 16. f4 Qa6 17. Qf3 g6 18. b3 Rc2 {1-0 (53) Dvalishvili,P (2396)-Daneshvar,B (2278) Moscow 2019}) 11. Nd2 Ne7 $146 ({Predecessor:} 11... Nc6 12. Ne2 cxd4 13. cxd4 Rc8 14. O-O Nge7 15. a3 Nf5 16. Nf3 Na5 17. Bd2 {1-0 (40) Espinal Garcia,S (1722)-Jimenez,J (1963) Santo Domingo 2018}) 12. dxc5 Qxc5 13. Nb3 Qc7 14. f4 Nd7 15. Be3 Nc6 16. O-O-O a6 17. Kb1 Be7 18. Ne2 Nb6 19. Bxb6 Qxb6 20. Ned4 O-O-O 21. Rh3 Rhe8 22. Rg3 Bf8 23. Re3 Kb8 24. g4 Ka7 25. g5 hxg5 26. fxg5 Qc7 27. Qe2 (27. Nxc6+ $18 bxc6 28. Rf3) 27... Be7 28. Rg1 Rd7 29. g6 Nxd4 30. cxd4 fxg6 31. Rxg6 Bf8 32. Rc3 Qb6 33. Rg1 Rf7 34. Rf1 Rxf1+ 35. Qxf1 Bb4 36. Rf3 a5 37. Qd1 Rc8 38. Nc1 Rc4 39. Ne2 Rc7 (39... Be7 $16) 40. a3 Be7 41. Rb3 Qa6 42. Nc3 Rc4 {[%emt 0:01:09] [#]} 43. a4 $1 Qc6 {[%emt 0:00:48] [#]} (43... Kb8 $142 44. Qf3 Rb4) 44. Nb5+ $1 Ka6 45. Rc3 $2 (45. Rg3 $18) 45... Bb4 $2 (45... Rxc3 $1 $11 46. Nxc3 Bb4) 46. Rg3 Bf8 47. b3 Rb4 48. Rc3 Qd7 49. Rc7 Qd8 50. Qc2 Kb6 {[%emt 0:00:28] [#]} 51. Rc8 Qe7 52. Nd6 1-0

[Event "TUR-ch Veterans 2020"]
[Site "Antalya-Belek"]
[Date "2020.01.23"]
[Round "6"]
[White "Ozmen, Halil Nejat"]
[Black "Pekun, Cem"]
[Result "1/2-1/2"]
[ECO "A46"]
[WhiteElo "1789"]
[BlackElo "2061"]
[Annotator "NA"]
[PlyCount "94"]
[EventDate "2020.01.19"]
[EventCountry "TUR"]
[SourceTitle "playchess.com"]
[Source "ChessBase"]
[SourceQuality "1"]
[TimeControl "5400+30"]

1. d4 c5 2. dxc5 Nf6 3. c3 g6 4. Nf3 Bg7 5. g3 O-O 6. Bg2 Qc7 7. O-O Qxc5 8. Nbd2 d6 9. Nb3 Qh5 10. Bg5 Bh3 11. Bxf6 Bxf6 12. Bxh3 Qxh3 13. Qd5 Nc6 14. Rfd1 Qc8 15. h4 h5 16. Ng5 Ne5 17. Nd4 Qc5 18. Qxc5 dxc5 19. Ndf3 Nxf3+ 20. Nxf3 Rfd8 21. e4 Kf8 22. Kf1 Ke8 23. Ke2 b5 24. a3 Rab8 25. Rxd8+ Kxd8 26. e5 Bg7 27. Ng5 Ke8 28. f4 f6 29. Ne6 fxe5 30. Nxg7+ Kf7 31. Nxh5 $11 gxh5 32. fxe5 Ke6 33. Rd1 a5 34. Ke3 b4 35. axb4 axb4 36. Ke4 bxc3 37. bxc3 Rg8 38. Kf3 Kxe5 39. Re1+ Kd6 40. Re4 e5 41. g4 Rf8+ 42. Ke3 hxg4 43. Rxg4 Kd5 44. c4+ Ke6 45. Ke4 Rd8 46. Rg6+ Kf7 47. Rc6 Rd4+ 1/2-1/2

[Event "TUR-ch Veterans 2020"]
[Site "Antalya-Belek"]
[Date "2020.01.23"]
[Round "6"]
[White "Ozates, Veysel"]
[Black "Tofan, Ibrahim"]
[Result "0-1"]
[ECO "B06"]
[WhiteElo "1617"]
[BlackElo "2082"]
[Annotator "NA"]
[PlyCount "94"]
[EventDate "2020.01.19"]
[EventCountry "TUR"]
[SourceTitle "playchess.com"]
[Source "ChessBase"]
[SourceQuality "1"]
[TimeControl "5400+30"]

1. e4 d6 2. d4 g6 3. Nc3 Bg7 4. Nf3 Bg4 5. Be2 Nd7 6. h3 {[%emt 0:02:00] B06: Modern Defence} (6. O-O e6 7. Be3 Ne7 8. h3 Bxf3 9. Bxf3 O-O 10. Qe2 e5 11. dxe5 Nxe5 12. Rad1 Qd7 13. Bg4 f5 14. exf5 gxf5 {½-½ (29) Lumachi,G (2286)-Epishin,V (2564) Cattolica 2019}) 6... Bxf3 7. Bxf3 c5 8. Be3 Ngf6 9. O-O cxd4 10. Bxd4 O-O 11. Nd5 $146 ({Predecessor:} 11. Re1 Nb6 12. b3 Rc8 13. Qd3 Qc7 {0-1 (47) Ask,J (2165)-Ranby,H (1917) Stockholm 2014}) 11... Ne8 12. Bxg7 Nxg7 13. c4 Ne6 14. b3 Nec5 15. Qd4 Nb6 16. Rad1 Ncd7 17. Rfe1 Re8 18. Nxb6 Qxb6 19. Qxb6 axb6 20. Rd2 Ra3 21. e5 Nxe5 22. Bxb7 Rb8 23. Be4 Kf8 24. f4 Nd7 25. Rde2 Nf6 26. Bf3 e6 27. Rd1 Ke7 28. Red2 Rd8 29. g4 Ne8 30. Re2 Nc7 31. f5 e5 32. fxg6 hxg6 33. Kg2 Ne6 34. Kg3 f5 35. Bd5 Nf4 36. Rh2 Kf6 37. h4 Rh8 38. Bf3 Ke7 39. gxf5 gxf5 40. Bd5 Nh5+ $15 (40... Ra7 $17 41. Kf3 Kf6) 41. Kf3 Kf6 42. Rg1 e4+ 43. Ke3 Ke5 44. Rg5 Nf6 45. Rh3 Rxa2 46. Bxe4 Nxe4 47. Rg7 f4+ 0-1

[Event "TUR-ch Veterans 2020"]
[Site "Antalya-Belek"]
[Date "2020.01.23"]
[Round "6"]
[White "Akinci, Ahmet"]
[Black "Yuksel, Mustafa"]
[Result "0-1"]
[ECO "E00"]
[WhiteElo "1355"]
[BlackElo "2004"]
[Annotator "NA"]
[PlyCount "74"]
[EventDate "2020.01.19"]
[EventCountry "TUR"]
[SourceTitle "playchess.com"]
[Source "ChessBase"]
[SourceQuality "1"]
[TimeControl "5400+30"]

1. d4 Nf6 2. c4 e6 3. Bg5 h6 4. Bh4 Bb4+ 5. Nd2 g5 6. Bg3 Ne4 {[%emt 0:00:00] E00: Catalan Bogo-Indian (3 g3 Bb4+)} 7. Ngf3 c5 (7... h5 8. Qc2 Nxd2 9. Nxd2 Nc6 10. d5 h4 11. dxc6 hxg3 12. fxg3 bxc6 13. e3 Rb8 14. a3 {1-0 (31) Ivanisevic,I (2648)-Aroshidze,L (2517) Sitges 2016}) 8. a3 Bxd2+ 9. Nxd2 Nxg3 10. hxg3 cxd4 11. Nf3 e5 12. Qd2 Nc6 $146 ({Predecessor:} 12... Qf6 13. e3 g4 14. Nh2 dxe3 15. Qxe3 {½-½ (58) Piceu,T (2398)-Dardha,A (2296) Brasschaat 2008}) 13. Nxg5 d5 {[%emt 0:00:30] [#]} 14. cxd5 $1 Qxd5 15. e4 Qd6 16. Bc4 Nd8 17. f4 f6 18. Nf3 Bd7 19. Rh5 Nc6 20. b4 Bg4 21. Rh4 Bxf3 22. gxf3 O-O-O 23. b5 Ne7 24. fxe5 ({White should try} 24. f5 $11) 24... fxe5 25. f4 (25. Rh5 $11 {remains equal.}) 25... Kb8 26. f5 {[%emt 0:00:00] [#]} (26. fxe5 $17 {was necessary.} Qc7 27. Rc1) 26... Rc8 (26... d3 $1 $19 {and Black stays clearly on top.} 27. Kf1 Qd4) 27. Be6 Rc3 28. Rxh6 Rd8 29. Rc1 $2 ({White should play} 29. Kf2 $15) 29... Re3+ ({Not} 29... Rxg3 30. Qb4 $11) 30. Kf2 Qxa3 31. Rh3 Rd3 $19 ({Not} 31... Rxe4 32. Qc2 $15) 32. Qg5 Qb2+ 33. Kg1 Rd2 34. Rf1 Rg2+ 35. Kh1 Qe2 36. Qc1 Qxe4 37. Rh4 Rxg3+ 0-1

[Event "TUR-ch Veterans 2020"]
[Site "Antalya-Belek"]
[Date "2020.01.23"]
[Round "6"]
[White "Ersoz, Celalettin"]
[Black "Tozaki, Halil"]
[Result "0-1"]
[ECO "D94"]
[WhiteElo "1229"]
[BlackElo "1880"]
[Annotator "NA"]
[PlyCount "64"]
[EventDate "2020.01.19"]
[EventCountry "TUR"]
[SourceTitle "playchess.com"]
[Source "ChessBase"]
[SourceQuality "1"]
[TimeControl "5400+30"]

1. d4 Nf6 2. c4 g6 3. Nc3 d5 4. e3 Bg7 5. Nf3 O-O 6. Be2 dxc4 7. Bxc4 c5 8. O-O Nbd7 9. Re1 {[%emt 0:09:30] D94: Grünfeld: 4 Nf3 Bg7 5 e3} Nb6 (9... e6 10. a4 b6 11. d5 exd5 12. Nxd5 Bb7 13. e4 Nxd5 14. exd5 Nf6 15. d6 Bxf3 16. Qxf3 Qxd6 {0-1 (31) Balashov,Y (2455)-Kovalenko,I (2611) Vladivostok 2012}) 10. Be2 $146 ({Predecessor:} 10. Bb3 c4 11. Bc2 Nfd5 12. a3 Nxc3 13. bxc3 Nd5 14. Bd2 Qa5 15. Qe2 Nb6 16. h3 Bd7 {0-1 (41) Willmann,B (1795)-Kelemen,G (1875) LSS email 2012}) 10... cxd4 11. exd4 Nbd5 12. Qb3 b6 13. Bc4 Bb7 14. Ne5 e6 15. Bg5 Nxc3 16. bxc3 Qc7 17. Rac1 Rac8 18. Bd3 h6 19. Bh4 Nd5 20. c4 (20. Bg3 $5 Qe7 21. Be4 $11) 20... Nf4 21. Bf1 g5 22. Bg3 Nh5 23. Ng6 Nxg3 24. Nxf8 Nxf1 ({Weaker is} 24... Kxf8 25. Qa3+ Kg8 26. Qxg3 $11) 25. Rxf1 Rxf8 26. Rfd1 Rd8 27. d5 exd5 28. cxd5 Qd6 29. Qc4 Be5 30. g3 Rc8 31. Qa4 (31. Qb5 $142 Rxc1 32. Rxc1) 31... Rxc1 32. Rxc1 Qxd5 $19 0-1

[Event "TUR-ch Veterans 2020"]
[Site "Antalya-Belek"]
[Date "2020.01.23"]
[Round "7"]
[White "Tofan, Ibrahim"]
[Black "Guner, Bulent"]
[Result "0-1"]
[ECO "A30"]
[WhiteElo "2082"]
[BlackElo "1964"]
[Annotator "NA RC"]
[PlyCount "132"]
[EventDate "2020.01.19"]
[EventCountry "TUR"]
[SourceTitle "playchess.com"]
[Source "ChessBase"]
[SourceQuality "1"]
[TimeControl "5400+30"]

1. Nf3 Nf6 2. g3 b6 3. Bg2 Bb7 4. O-O c5 5. c4 g6 6. b3 Bg7 7. Bb2 O-O 8. d4 cxd4 9. Nxd4 Bxg2 (9... Qc8 ) 10. Kxg2 Qc8 11. Nc3 Qb7+ 12. Nf3 {[%emt 0:03:30] A30: Symmetrical English: Double Fianchetto and Hedgehog} Ne4 13. Rc1 $146 ({Predecessor:} 13. Qd3 Nxc3 14. Bxc3 Bxc3 15. Qxc3 d6 16. Qe3 Re8 17. Rfd1 Nd7 18. Rd4 Nf6 19. Rad1 Kg7 {½-½ (43) Vernersson,P (2506)-Larsson,P (2341) Sweden 2005}) 13... Nxc3 14. Bxc3 Bxc3 (14... Na6 ) 15. Rxc3 Na6 16. Qd2 Qc6 17. Rd1 Rad8 18. Re3 Rfe8 $1 19. Kg1 Qf6 20. h4 Nc5 21. Ne5 d6 22. Nc6 Rd7 23. Nb4 e6 24. Nd5 Qg7 25. Nc3 Red8 26. Ne4 Nxe4 27. Rxe4 h5 28. Rd4 Qe5 29. e4 a6 30. Qb4 Qc5 31. Qd2 Qe5 32. Kh2 a5 33. Qh6 Qc5 34. Qd2 Kg7 35. a4 Kh7 36. Kg2 Kg7 37. Qe2 Kh7 38. f4 Kg7 39. Kh2 Kg8 40. Qf3 Kg7 41. R1d2 Kg8 42. Qd3 Kg7 43. Qb1 Kg8 44. Qd1 Kg7 45. R4d3 Kg8 46. Qa1 Qc6 47. Qd4 Qc5 48. Qf6 Re8 49. Rf3 Qb4 50. Re2 Qc5 51. Rd3 Red8 52. Rd1 Re8 53. Rd3 Red8 54. Red2 Qc6 55. Rd4 Re8 56. e5 (56. Rg2 $16) 56... Red8 57. f5 gxf5 58. Qg5+ Kf8 59. Qh6+ Kg8 60. Rf2 $2 (60. exd6 $11 Rxd6 61. Qg5+ Kf8 62. Qxh5) 60... Qc5 $2 (60... dxe5 $19 61. Rxd7 Qxd7 62. Qg5+ Kf8 63. Qh6+ Ke8 64. Qh8+ Ke7 65. Qxe5 Qc6) 61. Qg5+ Kf8 62. Qh6+ Kg8 63. Rfd2 Qxe5 64. Qxh5 Qf6 $11 65. Qf3 Kf8 66. Qc6 Ke7 0-1

[Event "TUR-ch Veterans 2020"]
[Site "Antalya-Belek"]
[Date "2020.01.23"]
[Round "7"]
[White "Pekun, Cem"]
[Black "Cicek, Cemil"]
[Result "1-0"]
[ECO "B46"]
[WhiteElo "2061"]
[BlackElo "1940"]
[Annotator "NA RC"]
[PlyCount "45"]
[EventDate "2020.01.19"]
[EventCountry "TUR"]
[SourceTitle "playchess.com"]
[Source "ChessBase"]
[SourceQuality "1"]
[TimeControl "5400+30"]

1. e4 c5 2. Nf3 Nc6 3. d4 cxd4 4. Nxd4 e6 5. Nc3 a6 6. Nxc6 bxc6 7. Bd3 Be7 8. O-O d6 9. f4 Nf6 10. e5 {[%emt 0:05:30] B46: Sicilian: Taimanov: 5 Nc3 a6} (10. Kh1 Bb7 11. e5 Nd5 12. Ne4 c5 13. exd6 Bxd6 14. f5 Nf6 15. Bg5 e5 16. Bxf6 gxf6 17. Qf3 Ke7 {0-1 (71) Adams,M (2716)-Polgar,J (2677) Frankfurt 1999}) 10... dxe5 11. fxe5 Qd4+ 12. Kh1 Qxe5 13. Qf3 Bd7 $146 ({Predecessor:} 13... O-O 14. Qxc6 Bd7 15. Qf3 Rfc8 16. Bf4 Qh5 17. Qg3 Ne8 {1-0 (42) Forgacs,G (2340)-Simon,R (2320) Wuerzburg 1989}) 14. Bf4 Qa5 (14... Qh5 $11) 15. Rae1 ({White should play} 15. Ne4 $16) 15... O-O 16. Be5 Qd8 17. Re3 Nd5 $2 {[%emt 0:00:30] [#]} (17... Ne8 $14) 18. Bxh7+ $1 Kxh7 19. Qh5+ Kg8 {[%emt 0:02:30] [#]} 20. Bxg7 $1 f5 21. Rg3 Bh4 {[%emt 0:03:30] [#]} 22. Bf6+ $1 {[%emt 0:00:30] Discovered Attack} Bxg3 23. Qg6# 1-0

[Event "TUR-ch Veterans 2020"]
[Site "Antalya-Belek"]
[Date "2020.01.23"]
[Round "7"]
[White "Cetinkaya, Vedat Ali"]
[Black "Yavic, Adnan"]
[Result "0-1"]
[ECO "D45"]
[WhiteElo "2026"]
[BlackElo "1590"]
[Annotator "NA RC"]
[PlyCount "68"]
[EventDate "2020.01.19"]
[EventCountry "TUR"]
[SourceTitle "playchess.com"]
[Source "ChessBase"]
[SourceQuality "1"]
[TimeControl "5400+30"]

1. d4 Nf6 2. c4 e6 3. Nc3 d5 4. e3 c6 5. Bd3 Bd6 6. Nf3 h6 7. O-O Nbd7 8. Qe2 b6 9. e4 dxe4 10. Nxe4 Be7 (10... Nxe4 $11 {remains equal.} 11. Bxe4 (11. Qxe4 Bb7 $11) 11... Bb7) 11. Bf4 O-O 12. Rad1 Bb7 13. Nd6 Qc7 14. c5 bxc5 15. dxc5 (15. Nf5 $5 Qd8 16. Nxe7+ Qxe7 17. dxc5 $16) 15... Nxc5 16. Bb1 (16. Nf5 $11 {keeps the balance.} Qxf4 17. Nxe7+ Kh8 18. Ne5) 16... Rfd8 $15 17. Nxb7 Qxb7 18. Rc1 Rac8 19. Be5 Ncd7 20. Bc3 Nd5 21. Ba5 Re8 22. Rfd1 N7f6 23. Ne5 c5 24. g3 a6 25. Qc2 Nb4 26. Qd2 Nc6 27. Bc3 Nxe5 28. Bxe5 Qf3 29. Rc3 Qh5 30. f4 Rcd8 31. Rd3 Rxd3 32. Qxd3 g6 33. Qc2 Ng4 34. Bc3 Ne3 0-1

[Event "TUR-ch Veterans 2020"]
[Site "Antalya-Belek"]
[Date "2020.01.23"]
[Round "7"]
[White "Yuksel, Mustafa"]
[Black "Kocak, Sabri"]
[Result "1/2-1/2"]
[ECO "A45"]
[WhiteElo "2004"]
[BlackElo "2086"]
[Annotator "NA RC"]
[PlyCount "51"]
[EventDate "2020.01.19"]
[EventCountry "TUR"]
[SourceTitle "playchess.com"]
[Source "ChessBase"]
[SourceQuality "1"]
[TimeControl "5400+30"]

1. d4 Nf6 2. Bf4 c5 3. d5 d6 4. Nc3 Qb6 5. e4 g6 6. Bd2 Bg7 7. Bb5+ Bd7 8. Bxd7+ Nbxd7 9. Nf3 O-O 10. O-O Rfe8 11. h3 e6 12. dxe6 Rxe6 13. Ng5 Ree8 14. Re1 Ne5 15. Rb1 Qc6 16. Bf4 Rad8 17. Nd5 Nxd5 18. exd5 Qa4 $11 19. Re4 Qa6 20. a3 b5 21. Nf3 Nc4 22. Rxe8+ Rxe8 23. c3 Qb7 24. Nd2 Qxd5 25. Nxc4 Qxc4 26. Qxd6 1/2-1/2